 Dungeon Crawl Stone Soup version 0.31-a0-1370-gf52a5a9ab3 (webtiles) character file.

Game seed: 17507945286290536022

49 grandjackal the Slasher (level 3, 0/28 HPs)
             Began as a Demonspawn Gladiator on Dec 24, 2023.
             Slain by a cerulean imp
             ... wielding a +0 spear
             ... summoned by Natasha
              (2 damage)
             ... on level 2 of the Dungeon.
             The game lasted 00:01:29 (1131 turns).

grandjackal the Slasher (Demonspawn Gladiator)      Turns: 1131, Time: 00:01:30

Health: 0/28       AC:  4    Str: 14    XL:     3   Next: 53%
Magic:  3/3        EV: 12    Int:  8    God:
Gold:   100        SH:  0    Dex: 16    Spells: 2/2 levels left

rFire   . . .        n - +3 short sword
rCold   + . .        (no shield)
rNeg    . . .        p - +0 leather armour {rC+}
rPois   .            c - +0 helmet
rElec   .            (no cloak)
rCorr   .            (no gloves)
SInv    .            (no boots)
Will    .....        (no amulet)
Stlth   +            (no ring)
HPRegen 0.24/turn    (no ring)
MPRegen 0.16/turn

%: no passive effects
@: no status effects
A: magic regeneration
a: no special abilities


You were on level 2 of the Dungeon.
You visited 1 branch of the dungeon, and saw 2 of its levels.

You collected 100 gold pieces.

Inventory:

Hand Weapons
 a - a +0 long sword
 n - a +3 short sword (weapon)
Missiles
 d - 3 throwing nets
 e - a javelin
 g - 10 boomerangs (quivered)
 j - 3 poisoned darts
Armour
 c - a +0 helmet (worn)
 p - a +0 leather armour of cold resistance (worn)
Jewellery
 m - a +6 ring of intelligence
Scrolls
 h - a scroll of poison {unknown}
 l - 2 scrolls of vulnerability {unknown}
 o - a scroll of identify {unknown}
Potions
 f - 2 potions of invisibility {unknown}
 i - a potion of heal wounds {unknown}
 k - a potion of curing {unknown}


   Skills:
 + Level 2.8 Fighting
 + Level 3.2 Long Blades
 - Level 2.0 Throwing
 + Level 3.1 Dodging


You had 2 spell levels left.
You didn't know any spells.
Your spell library contained the following spells:

 Spells                   Type           Power      Damage    Failure   Level
 Magic Dart               Conj           0%         1d3       50%         1
 Blink                    Tloc           0%         N/A       63%         2
 Call Imp                 Summ           0%         N/A       63%         2
 Inner Flame              Hex/Fire       0%         N/A       86%         3
 Irradiate                Conj/Alch      0%         3d11      100%        5
 Ignition                 Fire           0%         3d3       100%        8


Dungeon Overview and Level Annotations

Branches:
Dungeon (2/15)

Altars:

Annotations:
D:2 1 runed translucent door, Crazy Yiuf, Natasha


Innate Abilities, Weirdness & Mutations

You regenerate magic rapidly.


Message History

You miss the cerulean imp. The cerulean imp barely misses you.
You closely miss the cerulean imp. The cerulean imp barely misses you.
The cerulean imp hits you but does no damage.
The cerulean imp hits you from afar with a +0 spear.
The cerulean imp hits you from afar with a +0 spear.
Natasha mumbles some strange words.
You feel troubled.
The cerulean imp attacks as it pursues you!
The cerulean imp hits you from afar with a +0 spear.
Natasha hisses.
The cerulean imp hits you from afar with a +0 spear.
The cerulean imp disappears in a puff of smoke!
Natasha mumbles some strange words.
The cerulean imp hits you from afar with a +0 spear.
Found 12 gold pieces.
The cerulean imp attacks as it pursues you!
The cerulean imp hits you from afar with a +0 spear.
You hit Natasha.
Natasha is lightly wounded.
Natasha claws you.
* * * LOW HITPOINT WARNING * * *
The cerulean imp completely misses you.
You hit Natasha but do no damage.
Natasha is lightly wounded.
Natasha barely misses you.
The cerulean imp hits you from afar with a +0 spear.
* * * LOW HITPOINT WARNING * * *
The cerulean imp barely misses you.
You hit Natasha.
Natasha is moderately wounded.
Natasha barely misses you.
The cerulean imp hits you but does no damage.
The cerulean imp hits you from afar with a +0 spear.
* * * LOW HITPOINT WARNING * * *
You hit Natasha.
Natasha is moderately wounded.
Natasha barely misses you.
The cerulean imp hits you but does no damage.
The cerulean imp hits you from afar with a +0 spear.
You die...

###..##..#?# ....##....#
.#.###..#..#####
................
#####5..######. ######
##....#### #. #$....
#..#.....###.
#....#####.##..##.#...
#.@h5...##.###.#.##
####5..###.##......
#...###....####.
###..#.......#####.
#####...................
##.......######..##.#....
#####..#....#
###.........###
#.....#.)###
#...#.####.##
#.#......######.###.#
##.#


You could see Natasha and 2 cerulean imps.

Vanquished Creatures
  An adder (D:2)
  4 bats
  6 endoplasms
  A giant cockroach (D:1)
  5 goblins
  7 hobgoblins
  A kobold (D:1)
  2 quokkas
  A ball python (D:2)
  2 frilled lizards
  5 rats
35 creatures vanquished.

Notes
Turn   | Place    | Note
-------+----------+-------------------------------------------
     0 | D:1      | grandjackal the Demonspawn Gladiator began the quest for
                  | the Orb.
     0 | D:1      | Reached XP level 1. HP: 16/16 MP: 1/1
   133 | D:1      | Gained mutation: You regenerate magic rapidly. [demonic
                  | ancestry]
   133 | D:1      | Reached XP level 2. HP: 22/22 MP: 2/2
   529 | D:1      | Reached XP level 3. HP: 27/28 MP: 3/3
  1026 | D:2      | Found a runed translucent door.
  1027 | D:2      | Noticed Crazy Yiuf
  1098 | D:2      | Noticed Natasha
  1131 | D:2      | Slain by a cerulean imp

Illustrated notes

Levels and vault maps discovered:
D:1:      saegor_arrival_simple_e, layout_rooms, kennysheep_boxes
D:2:      layout_rooms, chequers_mini_garden, uniq_crazy_yiuf_cottage,
          uniq_natasha

Skill      XL: |  1  2 |
---------------+-------+-----
Throwing       | 2 |  2.0
Long Blades    | 3 |  3.2
Dodging        | 3 |  3.1
Fighting       | |  2.8

Action                     || total
---------------------------++-------
  Melee: Long sword        ||   103
         Short sword       ||    31
 Armour: Leather armour    ||    95
  Dodge: Dodged            ||    98

Table legend: (Time is in decaauts)
 A = Elapsed time spent in this place.
 B = Non-inter-level travel time spent in this place.
 C = Inter-level travel time spent in this place.
 D = Time resting spent in this place.
 E = Time spent auto-exploring this place.
 F = Levels seen in this place.
 G = Mean time per level.
                   A        B        C        D        E       F      G
               +--------+--------+--------+--------+--------+-----+--------+
         Total |   1174 |   1146 |     28 |     59 |    734 |   2 |  587.0 |
       Dungeon |   1174 |   1146 |     28 |     59 |    734 |   2 |  587.0 |
               +--------+--------+--------+--------+--------+-----+--------+

Top non-repeatable levels by time:
     D:1: 710 daAuts
     D:2: 463 daAuts
